 Dungeon Crawl Stone Soup version 0.31.0-32-g396128a36d (webtiles) character file.

Game seed: 6655316650200490008

2016 AdnanSaban the Basher (level 9, -3/55 HPs)
             Began as a Gargoyle Fighter on Apr 17, 2024.
             Slain by a wight
             ... wielding a +2 short sword
              (7 damage)
             ... on level 6 of the Dungeon.
             The game lasted 00:07:42 (5325 turns).

AdnanSaban the Basher (Gargoyle Fighter)            Turns: 5325, Time: 00:07:43

Health: -3/55      AC: 16    Str: 29    XL:     9   Next: 22%
Magic:  9/9        EV: 10    Int: 10    God:
Gold:   315        SH: 10    Dex:  9    Spells: 8/8 levels left

rFire   . . .        v - +0 whip (elec)
rCold   . . .        c - +0 buckler
rNeg    + . .        b - +0 scale mail
rPois   ∞            (no helmet)
rElec   +            a - +0 cloak {rPois}
rCorr   .            z - +0 pair of gloves
SInv    .            (no boots)
Will    .....        o - amulet of reflection Stlth
                     j - +6 ring of strength
HPRegen 0.29/turn    (no ring)
MPRegen 0.11/turn

%: reflection
@: marked
A: sickness immunity, AC +6, negative energy resistance 1, electricity
resistance, torment resistance 1, petrification resistance
a: no special abilities


You were on level 6 of the Dungeon.
You visited 1 branch of the dungeon, and saw 6 of its levels.

You collected 315 gold pieces.

Inventory:

Hand Weapons
 v - a +0 whip of electrocution (weapon)
Missiles
 k - 14 poisoned darts (quivered)
 q - 5 javelins
 x - 2 boomerangs
 A - a throwing net
Armour
 a - a +0 cloak of poison resistance (worn)
 b - a +0 scale mail (worn)
 c - a +0 buckler (worn)
 z - a +0 pair of gloves (worn)
Jewellery
 j - a +6 ring of strength (left hand)
 o - an amulet of reflection (around neck)
Scrolls
 f - 4 scrolls of identify {unknown}
 g - 5 scrolls of teleportation {unknown}
 i - a scroll of fear {unknown}
 l - a scroll of fog {unknown}
 m - a scroll of poison {unknown}
 n - a scroll of enchant weapon {unknown}
 p - a scroll of summoning {unknown}
 t - a scroll of immolation {unknown}
 w - a scroll of revelation {unknown}
 y - a scroll of blinking {unknown}
Potions
 d - a potion of might
 e - a potion of heal wounds {unknown}
 h - 4 potions of curing {unknown}
 r - a potion of mutation {unknown}
 s - 3 potions of haste {unknown}
 u - a potion of ambrosia {unknown}
 B - a potion of lignification {unknown}


   Skills:
 + Level 5.6 Fighting
 + Level 8.0 Maces & Flails
 + Level 1.0 Throwing
 + Level 7.0 Armour
 + Level 2.4 Dodging
 + Level 0.2 Stealth
 + Level 5.4 Shields


You had 8 spell levels left.
You didn't know any spells.
Your spell library contained the following spells:

 Spells                   Type           Power      Damage    Failure   Level
 Necrotise                Necr           0%         1d4       65%         1
 Vampiric Draining        Necr           0%         2d6       95%         3
 Martyr's Knell           Necr/Summ      0%         N/A       100%        4
 Curse of Agony           Necr           0%         N/A       100%        5


Dungeon Overview and Level Annotations

Branches:
Dungeon (6/15)             Temple (0/1) D:6

Altars:

Shops:
D:3 (   D:6 (

Annotations:
D:4 1 runed translucent door, Ijyb; TangoThomas's ghost, amateur DsHu


Innate Abilities, Weirdness & Mutations

You are immune to sickness and miasma.
Your stone body is resilient. (AC +6)
You are immune to poison.
You resist negative energy. (rN+)
You are resistant to electric shocks. (rElec)
You are resistant to unholy torment.
You are immune to petrification.


Message History

The wight is moderately damaged.
The wight closely misses you.
The wight hits you with a +2 short sword!
You hit the wight but do no damage.
The wight is moderately damaged.
The wight hits you from afar with a +2 trident of freezing.
The wight freezes you.
The wight hits you with a +2 short sword!
You are too injured to fight recklessly!
You are too injured to fight recklessly!
You are too injured to fight recklessly!
You are too injured to fight recklessly!
You are too injured to fight recklessly!
You are too injured to fight recklessly!
You are too injured to fight recklessly!
You are too injured to fight recklessly!
You are too injured to fight recklessly!
You are too injured to fight recklessly!
You are too injured to fight recklessly!
You are too injured to fight recklessly!
You are too injured to fight recklessly!
You are too injured to fight recklessly!
You are too injured to fight recklessly!
You are too injured to fight recklessly!
You are too injured to fight recklessly!
You are too injured to fight recklessly!
You are too injured to fight recklessly!
You are too injured to fight recklessly!
You are too injured to fight recklessly!
You are too injured to fight recklessly!
You closely miss the wight.
The wight is moderately damaged.
You hit the wight but do no damage.
The wight is moderately damaged.
The wight hits you from afar with a +2 trident of freezing!
* * * LOW HITPOINT WARNING * * *
The wight freezes you.
* * * LOW HITPOINT WARNING * * *
The wight hits you with a +2 short sword!
You die...

# . ........#### #
............ #
############ # #####
....# .##.# # .##.#
########.# .##.#
#.....@zz#
.##.#######....)####
.##.....).)...?.#
.##########.....# ##
#.....# #######


You could see 2 wights.

Vanquished Creatures
  Pikel (D:4)
  A water moccasin (D:4)
  Pargi (D:4)
  An ice beast (D:6)
  A centaur (D:6)
  2 lemures (D:4)
  2 phantoms
  A scorpion (D:4)
  A gnoll sergeant (D:6)
  3 wights (D:6)
  2 howler monkeys (D:4)
  4 bombardier beetles
  2 hounds
  A jelly (D:6)
  A gnoll bouda (D:3)
  3 iguanas
  An orc wizard (D:6)
  18 gnolls
  11 adders
  4 dart slugs
  A ribbon worm (D:2)
  9 orcs
  10 ball pythons
  8 endoplasms
  6 giant cockroaches
  8 goblins
  8 hobgoblins
  6 jackals
  4 bats
  4 frilled lizards
  6 kobolds
  6 rats
137 creatures vanquished.

Notes
Turn   | Place    | Note
-------+----------+-------------------------------------------
     0 | D:1      | AdnanSaban the Gargoyle Fighter began the quest for the
                  | Orb.
     0 | D:1      | Reached XP level 1. HP: 14/14 MP: 1/1
   178 | D:1      | Reached XP level 2. HP: 15/19 MP: 2/2
   554 | D:1      | Reached XP level 3. HP: 16/24 MP: 3/3
  1133 | D:2      | Identified the +8 dagger of Mastery {antimagic, rF+ Will+}
  1407 | D:2      | Reached XP level 4. HP: 23/29 MP: 4/4
  1732 | D:3      | Found a faded altar of an unknown god.
  1740 | D:3      | Reached skill level 3 in Maces & Flails
  1896 | D:3      | Reached XP level 5. HP: 33/33 MP: 5/5
  2019 | D:3      | Found Holoh's Weapon Emporium.
  2296 | D:4      | Reached skill level 1 in Dodging
  2384 | D:4      | Reached skill level 4 in Maces & Flails
  2384 | D:4      | Reached skill level 5 in Armour
  2384 | D:4      | Reached XP level 6. HP: 38/38 MP: 6/6
  2665 | D:4      | Noticed Pargi
  2685 | D:4      | Killed Pargi
  2847 | D:4      | Found a runed translucent door.
  2851 | D:4      | Noticed TangoThomas's ghost (amateur DsHu)
  3089 | D:4      | Reached XP level 7. HP: 28/43 MP: 7/7
  3281 | D:4      | Noticed Ijyb
  3787 | D:4      | Reached skill level 5 in Maces & Flails
  3883 | D:4      | Noticed Pikel
  3912 | D:4      | Killed Pikel
  3913 | D:4      | Reached skill level 6 in Maces & Flails
  3913 | D:4      | Reached XP level 8. HP: 31/48 MP: 8/8
  3934 | D:4      | Reached skill level 5 in Fighting
  4088 | D:5      | Entered Level 5 of the Dungeon
  4822 | D:5      | Reached skill level 7 in Maces & Flails
  4943 | D:6      | Found Afroif's Weapon Shop.
  5057 | D:6      | Reached skill level 5 in Shields
  5074 | D:6      | Reached XP level 9. HP: 53/54 MP: 9/9
  5113 | D:6      | Reached skill level 1 in Throwing
  5243 | D:6      | Found a staircase to the Ecumenical Temple.
  5322 | D:6      | Reached skill level 8 in Maces & Flails
  5325 | D:6      | Slain by a wight

Illustrated notes

Levels and vault maps discovered:
D:1:      scummos_arrival_forest, layout_basic
D:2:      layout_loops_ring, serial_aquarium, aquarium_bridge_square
          [aquarium_subvault_bridge, aquarium_subvault_wall,
          aquarium_subvault_bridge, aquarium_subvault_window],
          aquarium_bridge_island_small [aquarium_subvault_small_open,
          aquarium_subvault_wall, aquarium_subvault_bridge,
          aquarium_subvault_bridge, aquarium_subvault_window],
          aquarium_window_3, aquarium_window_fake, aquarium_window_1,
          aquarium_view_2g, aquarium_view_2c, aquarium_pool_corner
D:3:      layout_rooms, serial_shops, shop, hellmonk_ecumenical_altar_dog_temple
D:4:      layout_loops_corners, hellmonk_ghost_happy_afterlife,
          minmay_fractal_squares_diagonal_5, uniq_pargi, uniq_pikel, uniq_ijyb
D:5:      layout_loops_ring
D:6:      layout_loops_ring, minmay_temple_entry_junction, serial_shops, shop

Skill      XL: |  1  2  3  4  5  6  7  8  9 |
---------------+----------------------------+-----
Armour         | 4 5 6 7 |  7.0
Maces & Flails | 3 4 6 7 8 |  8.0
Dodging        | 1 2 |  2.4
Fighting       | 4 5 |  5.6
Shields        | 4 5 |  5.4
Throwing       | 1 |  1.0
Stealth        | |  0.2

Action                     |  1- 3 |  4- 6 |  7- 9 || total
---------------------------+-------+-------+-------++-------
  Melee: Flail             |   133 |   167 |   128 ||   428
         Whip              |       |       |   216 ||   216
  Throw: Dart              |       |     5 |     6 ||    11
 Armour: Scale mail        |    97 |   230 |   171 ||   498
  Dodge: Dodged            |    70 |   138 |   129 ||   337
  Block: Buckler           |    24 |    56 |   100 ||   180
         Reflection        |       |       |     2 ||     2
